 Dungeon Crawl Stone Soup version 0.28-a0-465-ge2dae52223 (webtiles) character file.

Game seed: 6967621714996906697

68 Squid the Skirmisher (level 4, -2/36 HPs)
             Began as a Demonspawn Abyssal Knight on Sept 14, 2021.
             Was a Follower of Lugonu.
             Killed by divine providence
             ... invoked by an orc priest
              (11 damage)
             ... on level 3 of the Dungeon.
             The game lasted 00:07:01 (2090 turns).

Squid the Skirmisher (Demonspawn Abyssal Knight)    Turns: 2090, Time: 00:07:01

Health: -2/36      AC: 10    Str: 13    XL:     4   Next: 1%
Magic:  6/6        EV:  2    Int: 14    God:    Lugonu [*.....]
Gold:   127        SH:  3    Dex: 12    Spells: 3/3 levels left

rFire   . . .      SeeInvis .   a - +1 hand axe (drain)
rCold   . . .      Faith    +   c - +0 buckler
rNeg    . . .      Spirit   .   b - +0 plate armour
rPois   .          Reflect  .   (no helmet)
rElec   .          Harm     .   (no cloak)
rCorr   .          Rampage  .   (no gloves)
Will    .....                   (no boots)
Stlth   ..........              j - amulet of faith
HPRegen 0.12/turn               (no ring)
MPRegen 0.20/turn               (no ring)

@: no status effects
A: magic regeneration
a: Renounce Religion, Depart the Abyss


You were on level 3 of the Dungeon.
You worshipped Lugonu.
Lugonu was aware of your devotion.
You visited 1 branch of the dungeon, and saw 3 of its levels.
You visited the Abyss 1 time.

You collected 127 gold pieces.

Inventory:

Hand Weapons
 a - a +1 hand axe of draining (weapon)
Armour
 b - a +0 plate armour (worn)
 c - a +0 buckler (worn)
Jewellery
 d - an amulet of reflection
 j - an amulet of faith (around neck)
Scrolls
 g - 2 scrolls of magic mapping
 h - a scroll of identify
Potions
 e - 2 potions of haste
 f - a potion of cancellation


   Skills:
 + Level 3.6 Fighting
 * Level 2.6 Axes
 + Level 2.0 Armour
 + Level 1.2 Dodging
 + Level 0.5 Shields
 + Level 3.0 Invocations


You had 3 spell levels left.
You didn't know any spells.
Your spell library contained the following spells:

 Spells                   Type           Power      Damage    Failure   Level
 Sting                    Tmut/Pois      0%         1d3       100%        1
 Poisonous Vapours        Pois/Air       0%         N/A       100%        2
 Call Canine Familiar     Summ           0%         N/A       100%        3
 Portal Projectile        Hex/Tloc       0%         N/A       100%        3
 Leda's Liquefaction      Hex/Erth       0%         N/A       100%        4
 Olgreb's Toxic Radiance  Pois           0%         N/A       100%        4


Dungeon Overview and Level Annotations

Branches:
Dungeon (3/15)

Altars:


Innate Abilities, Weirdness & Mutations

You regenerate magic rapidly.


Message History

You start waiting.
An orc comes into view. It is wielding a +0 dagger.
The orc shouts!
Found a stone staircase leading down.
You closely miss the orc. The orc hits you with a +0 dagger.
The orc barely misses you.
You hit the orc but do no damage. You drain the orc.
The orc is heavily wounded.
The orc hits you with a +0 dagger.
You closely miss the orc.
The orc is heavily wounded.
The orc barely misses you.
You closely miss the orc.
The orc is heavily wounded.
The orc hits you but does no damage.
You hit the orc.
You kill the orc!
Lugonu accepts your kill.
An orc priest comes into view. It is wielding a +0 dagger.
You have reached level 4!
You feel clever.
The orc priest invokes the aid of Beogh against you.
Beogh smites you!
Things that are here:
a +0 dagger; a +0 leather armour; a scroll labelled SASEERPH JUALI An orc priest comes into view.
It is wielding a +0 dagger.
You barely miss the orc priest.
The orc priest shouts!
The orc priest hits you but does no damage.
Your plate armour prevents you from hitting the orc priest.
The orc priest invokes the aid of Beogh against you.
Beogh smites you!
* * * LOW HITPOINT WARNING * * *
The orc priest hits you but does no damage.
You slash the orc priest! You drain the orc priest.
The orc priest is almost dead.
The orc priest hits you but does no damage.
The orc priest invokes the aid of Beogh against you.
Beogh smites you!
You die...

#..
##.######.#.#######
#.# #.......#.#.#
#.###..####.#.#.#
.#######..##..#
#.#.#.#
.....<....<...#
#.#.#.#
.....##...###.#
#.#.#.# .##.# ##.##
#.# ##.#.#.# #.
#.####.###....#.# .
#......oo@.#....#####
#.
####...###).........#
# #.### ##.#######.#
#.# #... #.# ###>#
#.# .# #.# # #.# #.#


You could see 2 orc priests.

Vanquished Creatures
  3 adders (D:2)
  A worm (D:2)
  2 dart slugs
  An orc (D:3)
  2 ball pythons (D:1)
  A bat (D:1)
  4 giant cockroaches
  3 goblins (D:2)
  3 hobgoblins
  2 jackals (D:2)
  6 kobolds
  2 frilled lizards
  2 rats
32 creatures vanquished.

Vanquished Creatures (collateral kills)
  A kobold (D:1)
1 creature vanquished.

Vanquished Creatures (others)
  2 fungi (D:1)
  2 plants (D:1)
4 creatures vanquished.

Grand Total: 37 creatures vanquished

Notes
Turn   | Place    | Note
-------+----------+-------------------------------------------
     0 | Abyss:1  | Squid the Demonspawn Abyssal Knight began the quest for the
                  | Orb.
     0 | Abyss:1  | Reached XP level 1. HP: 18/18 MP: 2/2
     0 | D:1      | Escaped the Abyss
   301 | D:1      | Gained mutation: You regenerate magic rapidly. [demonic
                  | ancestry]
   301 | D:1      | Reached XP level 2. HP: 21/24 MP: 4/4
   305 | D:1      | Reached skill level 1 in Dodging
   608 | D:1      | Found a faded altar of an unknown god.
   866 | D:2      | Reached * piety under Lugonu
   930 | D:2      | Reached XP level 3. HP: 19/29 MP: 5/5
  2085 | D:3      | Reached XP level 4. HP: 30/36 MP: 6/6
  2090 | D:3      | Killed from afar by an orc priest

Illustrated notes

Levels and vault maps discovered:
D:1:      heliophobic_arrival_dark_side_of_the_moon, layout_rooms,
          dreamdust_ecumenical_altar_hidden_monk_grotto
D:2:      layout_loops_ring, minmay_misc_feat_iff
D:3:      layout_loops_ring, nzn_wu_jian_council_hall, minmay_misc_feat_tower,
          minmay_misc_feat_five, nrook_campfire, uniq_grinder

Skill      XL: |  1  2  3 |
---------------+----------+-----
Axes           | 2 |  2.6
Dodging        | 1 |  1.2
Invocations    | 3 |  3.0
Armour         | 2 |  2.0
Fighting       | |  3.6
Shields        | |  0.5

Action                   |  1- 3 |  4- 6 || total
-------------------------+-------+-------++-------
Melee: Hand axe          |   117 |     3 ||   120
Invok: Depart the Abyss  |     1 |       ||     1
  Use: Scroll            |     7 |       ||     7
Armor: Leather armour    |    28 |       ||    28
       Plate armour      |    46 |     3 ||    49
Dodge: Dodged            |    48 |       ||    48
Block: Buckler           |    31 |       ||    31
       Other             |     3 |       ||     3
       Reflection        |     4 |       ||     4

Table legend: (Time is in decaauts)
 A = Elapsed time spent in this place.
 B = Non-inter-level travel time spent in this place.
 C = Inter-level travel time spent in this place.
 D = Time resting spent in this place.
 E = Time spent auto-exploring this place.
 F = Levels seen in this place.
 G = Mean time per level.
                   A        B        C        D        E       F      G
               +--------+--------+--------+--------+--------+-----+--------+
         Total |   2116 |   2091 |     25 |    555 |    703 |   4 |  529.0 |
       Dungeon |   2116 |   2091 |     25 |    555 |    703 |   3 |  705.3 |
         Abyss |      0 |      0 |      0 |      0 |      0 |   1 |    0.0 |
               +--------+--------+--------+--------+--------+-----+--------+

Top non-repeatable levels by time:
     D:2: 1106 daAuts
     D:1: 786 daAuts
     D:3: 223 daAuts
